 Dungeon Crawl Stone Soup version 0.31-a0-986-g5e6e4ef867 (webtiles) character file.

Game seed: 6155190828007842930

70 bmb222 the Ruffian (level 4, -3/28 HPs)
             Began as an Octopode Shapeshifter on Nov 25, 2023.
             Slain by a gnoll
             ... wielding a +0 spear
              (8 damage)
             ... on level 2 of the Dungeon.
             The game lasted 00:02:02 (1252 turns).

bmb222 the Ruffian (Octopode Shapeshifter)          Turns: 1252, Time: 00:02:02

Health: -3/28      AC:  1    Str: 15    XL:     4   Next: 21%
Magic:  4/4        EV: 13    Int: 12    God:
Gold:   79         SH:  0    Dex: 11    Spells: 3/3 levels left

rFire   . .          .
                       - Unarmed
rCold   . . .        (no shield)
rNeg    . . .        (helmet currently unavailable)
rPois   .            (no amulet)
rElec   .            (no ring)
rCorr   .            (no ring)
SInv    .            (no ring)
Will    .....        (no ring)
Stlth   +++          (no ring)
HPRegen 0.24/turn    (no ring)
MPRegen 0.09/turn    (no ring)
                     (no ring)

%: no passive effects
@: beast-form
A: beast (slay +2), almost no armour, amphibious, 8 rings, camouflage 1,
gelatinous body 1, (nimble swimmer 1), tentacles
a: Begin Untransformation


You were on level 2 of the Dungeon.
You were a hulking beast.
You visited 1 branch of the dungeon, and saw 2 of its levels.

You collected 79 gold pieces.

Inventory:

Missiles
 i - 6 boomerangs
Talismans
 b - a beast talisman
 c - a flux talisman
Scrolls
 d - a scroll of identify {unknown}
 e - a scroll of enchant armour {unknown}
 f - a scroll of teleportation {unknown}
 h - a scroll of revelation {unknown}
 j - 3 scrolls of torment {unknown}
Potions
 a - a potion of lignification
 g - a potion of haste {unknown}


   Skills:
 + Level 1.0 Fighting
 + Level 2.1 Dodging
 * Level 2.5 Stealth
 + Level 3.7 Unarmed Combat
 + Level 3.6 Shapeshifting


You had 3 spell levels left.
You didn't know any spells.
Your spell library contained the following spells:

 Spells                   Type           Power      Damage    Failure   Level
 Scorch                   Fire           0%         2d5       45%         2
 Tukima's Dance           Hex            0%         N/A       69%         3
 Flame Wave               Conj/Fire      0%         2d4       97%         4
 Passage of Golubria      Tloc           0%         N/A       97%         4
 Yara's Violent Unravell  Hex/Tmut       0%         3d3       100%        5
 Summon Cactus Giant      Summ           0%         N/A       100%        6


Dungeon Overview and Level Annotations

Branches:
Dungeon (2/15)

Altars:


Innate Abilities, Weirdness & Mutations

You are a hulking beast.
Your limbs bulge with bestial killing power. (Slay +2)
You cannot wear most types of armour.
You are amphibious.
You can wear up to eight rings at the same time.
Your skin changes colour to match your surroundings (Stealth+).
Your rubbery body absorbs attacks. (AC +1, EV +1)
((You are camouflaged when in or above water. (Stealth+)))
You have tentacles for arms and can constrict up to eight enemies at once.


Message History

A ball python is nearby!
A ball python is nearby!
Found a scroll labelled PEDIUN VEGI.
A gnoll comes into view. It is wielding a +0 flail.
Found a stone staircase leading down.
The helpless ball python fails to defend itself.
You tentacle-slap the ball python.
You kill the ball python!
The gnoll shouts!
You hear a shout!
A gnoll comes into view. It is wielding a +0 spear.
The gnoll throws a throwing net.
The throwing net hits you.
You become entangled in the net!
You struggle against the net.
A gnoll comes into view. It is wielding a +0 spear.
You struggle against the net.
You struggle against the net.
A dart slug comes into view.
You struggle against the net.
You rip the net and break free!
The gnoll throws a throwing net.
The throwing net hits you.
You become entangled in the net!
A gnoll comes into view. It is wielding a +0 flail.
You struggle against the net.
The gnoll shouts!
You struggle against the net.
You rip the net and break free!
The gnoll hits you from afar with a +0 spear.
The gnoll shouts!
The gnoll attacks as it pursues you!
The gnoll hits you from afar with a +0 spear.
The gnoll attacks as it pursues you! The gnoll barely misses you.
The gnoll attacks as it pursues you! The gnoll closely misses you.
The gnoll attacks as it pursues you!
The gnoll hits you from afar with a +0 spear.
Okay, then.
The gnoll attacks as it pursues you!
The gnoll hits you from afar with a +0 spear!
* * * LOW HITPOINT WARNING * * *
The gnoll attacks as it pursues you!
The gnoll hits you from afar with a +0 spear!
You die...

#......# #......# #......#
#......# #......# #......#
##### ###......# #...#
#........####
#...###.#....h.g.g######
#...##..#......##.gw...#
#......############g.........
#....### #.......... #...##
#.......... #...##
#........?. #....#
#.......... #.####
........... ####..#.######
#..........>


You could see 3 gnolls and a dart slug.

Vanquished Creatures
  4 adders (D:2)
  A worm (D:2)
  4 bats
  2 endoplasms
  3 giant cockroaches (D:1)
  2 hobgoblins
  2 kobolds (D:1)
  2 quokkas (D:1)
  2 ball pythons
  4 frilled lizards (D:1)
  3 goblins (D:1)
  3 rats (D:1)
32 creatures vanquished.

Notes
Turn   | Place    | Note
-------+----------+-------------------------------------------
     0 | D:1      | bmb222 the Octopode Shapeshifter began the quest for the
                  | Orb.
     0 | D:1      | Reached XP level 1. HP: 13/13 MP: 1/1
    69 | D:1      | Found a faded altar of an unknown god.
   248 | D:1      | Reached XP level 2. HP: 11/18 MP: 2/2
   904 | D:1      | Reached skill level 1 in Stealth
   924 | D:1      | Reached XP level 3. HP: 21/23 MP: 3/3
  1194 | D:2      | Reached XP level 4. HP: 28/28 MP: 4/4
  1252 | D:2      | Slain by a gnoll

Illustrated notes

Levels and vault maps discovered:
D:1:      grunt_arrival_crossed_arrows, layout_loops_corners,
          dreamdust_ecumenical_altar_angels_and_demons
D:2:      minmay_angry_zag, layout_rooms, serial_bayou_pond_e

Skill      XL: |  1  2  3 |
---------------+----------+-----
Stealth        | 1 2 |  2.5
Fighting       | |  1.0
Dodging        | |  2.1
Unarmed Combat | |  3.7
Shapeshifting  | |  3.6

Action                     |  1- 3 |  4- 6 || total
---------------------------+-------+-------++-------
  Melee: Unarmed           |    54 |     5 ||    59
         Constrict         |    15 |     1 ||    16
         Tentacles         |    12 |     1 ||    13
         Punch             |     2 |       ||     2
   Stab: Sleeping          |     7 |     2 ||     9
 Armour: Skin              |    18 |     5 ||    23
  Dodge: Dodged            |    24 |     3 ||    27

Table legend: (Time is in decaauts)
 A = Elapsed time spent in this place.
 B = Non-inter-level travel time spent in this place.
 C = Inter-level travel time spent in this place.
 D = Time resting spent in this place.
 E = Time spent auto-exploring this place.
 F = Levels seen in this place.
 G = Mean time per level.
                   A        B        C        D        E       F      G
               +--------+--------+--------+--------+--------+-----+--------+
         Total |   1248 |   1212 |     36 |    142 |    853 |   2 |  624.0 |
       Dungeon |   1248 |   1212 |     36 |    142 |    853 |   2 |  624.0 |
               +--------+--------+--------+--------+--------+-----+--------+

Top non-repeatable levels by time:
     D:1: 1065 daAuts
     D:2: 183 daAuts
